AoeStats
← ostojiic

Oasis

508669690Analyzed
2v2 RM · 8d ago on Sep 23, 2026· 52m 8s· 4 players
Game mode
Random Map
Map size
Medium (4 player)
Population
200
Speed
Normal
Resources
Standard
Victory
Conquest
Starting age
Dark Age
Ending age
Imperial Age
RankedLock teamsTeams togetherTeam positionsShared explorationLock speedFull tech treeHidden civsTurbo modeCheats
Victory
Defeat
🇨🇭 Teutons · Switzerland
676
+14
🇷🇸 Teutons · Serbia
676
+15
🇧🇦 Goths · Bosnia & Herzegovina
665
-15
🇮🇳 Spanish · India
628
-14
ostojiic
12:49 Feudal Age
15:31 Horse Collar
15:40 Double-Bit Axe
22:11 Castle Age
19:54 Man-at-Arms
20:55 Forging
20:45 Scale Mail Armor
23:33 Light Cavalry
26:42 Wheelbarrow
28:19 Bow Saw
29:18 Hand Cart
31:40 Iron Casting
32:06 Heavy Plow
32:01 Gold Mining
32:01 Stone Mining
33:44 Anarchy
38:11 Heated Shot
38:42 Ballistics
42:29 Imperial Age
42:35 Loom
42:44 Elite Huskarl
44:02 Capped Ram
51:09 Blast Furnace
50:24 Chain Mail Armor
51:44 Chemistry
52:27 Perfusion
saioa08
13:01 Feudal Age
15:44 Double-Bit Axe
20:11 Castle Age
31:39 Imperial Age
31:00 Wheelbarrow
33:01 Horse Collar
33:34 Bow Saw
33:22 Gold Mining
33:25 Stone Mining
34:38 Hand Cart
35:57 Coinage
37:05 Hoardings
37:49 Stone Shaft Mining
37:41 Caravan
39:58 Elite Conquistador
42:03 Two-Man Saw
41:48 Fortified Wall
41:49 Masonry
42:00 Ballistics
42:41 Chemistry
41:30 Heavy Mounted Crossbowman
47:20 Architecture
47:11 Bombard Tower
47:02 Scale Barding Armor
46:58 Scale Mail Armor
47:08 Forging
46:49 Fletching
47:00 Padded Archer Armor
46:24 Onager
49:33 Banking
49:50 Murder Holes
51:30 Thumb Ring
Amil YT
0:29 Loom
13:07 Feudal Age
14:23 Wheelbarrow
13:30 Horse Collar
13:38 Double-Bit Axe
17:12 Gold Mining
20:39 Stone Mining
23:22 Castle Age
24:21 Hand Cart
24:09 Heavy Plow
24:21 Bow Saw
26:42 Stone Shaft Mining
27:04 Scale Mail Armor
27:15 Forging
27:12 Scale Barding Armor
32:53 Imperial Age
31:11 Fortified Wall
32:46 Ballistics
35:11 Crop Rotation
36:16 Two-Man Saw
36:40 Chain Mail Armor
36:53 Conscription
37:51 Chemistry
38:27 Elite Teutonic Knight
41:20 Caravan
43:36 Plate Mail Armor
43:43 Iron Casting
43:20 Onager
44:05 Town Watch
froe
1:16 Loom
12:04 Feudal Age
15:12 Stone Mining
20:40 Castle Age
19:00 Gold Mining
19:23 Forging
22:38 Double-Bit Axe
24:06 Horse Collar
25:33 Wheelbarrow
25:40 Town Watch
27:14 Stone Shaft Mining
26:42 Scale Mail Armor
27:17 Iron Casting
26:32 Fletching
27:09 Heavy Plow
30:40 Imperial Age
30:02 Bow Saw
30:43 Padded Archer Armor
30:33 Fletching
31:18 Iron Casting
30:44 Scale Mail Armor
30:50 Scale Barding Armor
31:22 Town Patrol
31:39 Hand Cart
31:25 Town Patrol
32:41 Onager
34:42 Chemistry
35:28 Fortified Wall
35:43 Caravan
36:14 Ballistics
36:59 Fortified Wall
36:55 Siege Engineers
38:47 Bodkin Arrow
39:37 Cavalier
50:15 Bloodlines
50:10 Siege Onager
51:39 Leather Archer Armor
52:25 Blast Furnace
Connection lost

Rejoining the realm…

Still unreachable

The connection could not be restored.

Session expired

The server has moved on; the page needs a fresh start.